 Dungeon Crawl Stone Soup version 0.23.1-37-gaa34b87 (webtiles) character file.

Game seed: 15464213724531150620

93931 Borgoz the Nimble (level 16, -51/134 HPs)
             Began as a Ghoul Enchanter on Mar 21, 2019.
             Was an Elder of Ashenzari.
             Annihilated by a titanic slime creature (73 damage)
             ... on level 15 of the Dungeon.
             The game lasted 01:15:18 (31554 turns).

Borgoz the Nimble (Ghoul Enchanter)                Turns: 31554, Time: 01:15:20

Health: -51/134    AC: 36    Str: 14    XL:     16   Next: 10%
Magic:  0/25       EV: 13    Int: 10    God:    Ashenzari [****..]
Gold:   1627       SH:  0    Dex: 16    Spells: 22/29 levels left

rFire    + . .     SeeInvis +   P - +10 dagger of the Lonely Beggars {flame, rF+ Stlth+} (curse)
rCold    . . .     Gourm    .   (no shield)
rNeg     + + +     Faith    .   w - +12 chain mail "Tiyv" {rC- rN+ MR++ Dex+2} (curse)
rPois    ∞         Spirit   +   k - +2 helmet (curse)
rElec    .         Reflect  .   z - scarf {Spirit} (curse)
rCorr    .         Harm     .   (no gloves)
MR       +++..     Clarity  +   N - +0 pair of boots
Stlth    +++.......             (no amulet)
HPRegen  0.00/turn              i - ring of wizardry
MPRegen  0.19/turn              M - +6 ring of protection (curse)

@: confusing touch, rotting
A: rotting body, claws 1, carnivore, cold resistance 1, negative energy
resistance 3, inhibited regeneration, torment resistance, unbreathing
a: Curse Item, Scrying, Renounce Religion


You were on level 15 of the Dungeon.
You worshipped Ashenzari.
Ashenzari was greatly pleased with you.
You were not hungry.

You visited 6 branches of the dungeon, and saw 26 of its levels.
You also visited: Ossuary.

You collected 2388 gold pieces.
You spent 761 gold pieces at shops.

Inventory:

Hand Weapons
 a - the +1 rapier of Dissolution {venom, rC++}
   (You found it on level 5 of the Dungeon)

   It poisons the flesh of those it strikes.
   It greatly protects you from cold.
 b - a +0 blowgun
 P - the cursed +10 dagger of the Lonely Beggars (weapon) {flame, rF+ Stlth+}
   (You bought it in a shop on level 2 of the Orcish Mines)

   It has been specially enchanted to burn those struck by it, causing extra
   injury to most foes and up to half again as much damage against particularly
   susceptible opponents.
   It protects you from fire.
   It makes you more stealthy.
   It has a curse placed upon it.
 V - a +5 short sword of electrocution
Missiles
 q - 133 poisoned needles
 s - 4 poisoned tomahawks
 E - 3 throwing nets (quivered)
 G - 6 curare-tipped needles
Armour
 k - a cursed +2 helmet (worn)
 v - the +0 leather armour "Hoihown" {rF++ Dex+3}
   (You found it on level 4 of the Dungeon)

   It affects your dexterity (+3).
   It greatly protects you from fire.
 w - the cursed +12 chain mail "Tiyv" (worn) {rC- rN+ MR++ Dex+2}
   (You bought it in a shop on level 10 of the Dungeon)

   It affects your dexterity (+2).
   It makes you vulnerable to cold.
   It protects you from negative energy.
   It affects your resistance to hostile enchantments.
   It has a curse placed upon it.
 z - a cursed scarf of spirit shield (worn)
 N - a +0 pair of boots (worn)
Jewellery
 h - an uncursed ring of flight
 i - a ring of wizardry (left claw)
 y - a +4 ring of intelligence
 B - an uncursed ring of resist corrosion
 M - a cursed +6 ring of protection (right claw)
Wands
 d - a wand of random effects (9)
 F - a wand of acid (30)
 H - a wand of flame (41)
 Q - a wand of enslavement (2)
 R - a wand of iceblast (19)
 Y - a wand of digging (10)
Scrolls
 e - a scroll of fog
 l - 4 scrolls of identify
 m - 2 scrolls of amnesia
 n - 3 scrolls of magic mapping
 p - 4 scrolls of immolation
 r - 5 scrolls of teleportation
 A - 5 scrolls of remove curse
 D - 2 scrolls of blinking
 I - 2 scrolls of torment
 K - 2 scrolls of vulnerability
 O - a scroll of fear
 S - 3 scrolls of enchant armour
Potions
 c - 4 potions of curing
 f - a potion of haste
 g - 2 potions of ambrosia
 j - a potion of magic
 o - 3 potions of flight
 u - 2 potions of brilliance
 x - 2 potions of might
 C - 2 potions of agility
 J - 3 potions of resistance
 T - 2 potions of blood
Comestibles
 t - 5 chunks of flesh
 L - 55 rations


   Skills:
 + Level 9.9 Fighting
 + Level 11.7(14.8) Short Blades
 + Level 11.3(14.4) Armour
 * Level 11.8 Dodging
 - Level 10.5 Stealth
 - Level 7.2 Spellcasting
 * Level 10.0 Hexes
 - Level 1.0 Ice Magic


You had 22 spell levels left.
You knew the following spells:

 Your Spells              Type           Power        Failure   Level  Hunger
a - Corona                Hex            ###....      1%          1    None
b - Ensorcelled Hibernat  Hex/Ice        ##....       12%         2    ##.....
c - Confuse               Hex            ###.....     4%          3    ###....
d - Confusing Touch       Hex            ###...       1%          1    None

Your spell library contained the following spells:

 Spells                   Type           Power        Failure   Level  Hunger
 Tukima's Dance           Hex            ###.....     4%          3    ###....
 Dazzling Spray           Conj/Hex       ##....       28%         3    ###....
 Inner Flame              Hex/Fire       ##......     28%         3    ###....
 Freeze                   Ice            #...         43%         1    None
 Animate Skeleton         Necr           N/A          56%         1    None
 Apportation              Tloc           #.....       56%         1    None
 Flame Tongue             Conj/Fire      #....        56%         1    None
 Summon Butterflies       Summ           #.......     56%         1    None
 Summon Small Mammal      Summ           #...         56%         1    None
 Throw Frost              Conj/Ice       #.....       65%         2    ##.....
 Throw Flame              Conj/Fire      #.....       71%         2    ##.....
 Ozocubu's Armour         Chrm/Ice       #.......     86%         3    ###....
 Call Canine Familiar     Summ           #.......     89%         3    ###....
 Conjure Flame            Conj/Fire      #.......     89%         3    ###....
 Summon Mana Viper        Hex/Summ       ##......     92%         5    ######.
 Sticky Flame             Conj/Fire      #.......     99%         4    ####...
 Summon Ice Beast         Ice/Summ       #.......     99%         4    ####...
 Throw Icicle             Conj/Ice       #.......     99%         4    ####...
 Fireball                 Conj/Fire      #.........   100%        5    ######.
 Haunt                    Necr/Summ      #.........   100%        7    #######
 Summon Hydra             Summ           #.........   100%        7    #######
 Infestation              Necr           #.........   100%        8    #######
 Borgnjor's Revivificati  Necr           Unusable     N/A         8    N/A
 Death's Door             Chrm/Necr      Unusable     N/A         8    N/A
 Necromutation            Tmut/Necr      Unusable     N/A         8    N/A

Dungeon Overview and Level Annotations

Branches:
Dungeon (15/15)            Temple (1/1) D:7            Lair (6/6) D:9
 Shoals (0/4) Lair:2       Spider (0/4) Lair:4        Slime (0/5) Lair:6
    Orc (2/2) D:10            Elf (1/3) Orc:2        Vaults (0/5) D:14
 Depths (1/5) D:15

Altars:
Ashenzari
Cheibriados
Dithmenos
Elyvilon
Fedhas
Gozag
Hepliaklqana
Kikubaaqudgha
Makhleb
Nemelex Xobeh
Okawaru
Qazlal
Ru
Sif Muna
Trog
Uskayaw
Vehumet
Wu Jian
Xom
Yredelemnul
Zin
The Shining One
Beogh
Jiyva

Shops:
D:10 [   D:12 (   Orc:2 ([(*


Innate Abilities, Weirdness & Mutations

Your body is rotting away.
You thrive on raw meat.
You are immune to poison.
You have sharp fingernails.
You are carnivorous and can eat meat at any time.
Your flesh is cold resistant. (rC+)
You are immune to negative energy. (rN+++)
You do not regenerate when monsters are visible.
You are immune to unholy pain and torment.
You can survive without breathing.


Message History

The very large slime creature is heavily wounded.
Two slime creatures merge to form an enormous slime creature.
Two slime creatures merge to form a titanic slime creature.
You see here a potion of degeneration.
You see here a +0 scale mail.
Okay, then.
Okay, then.
Evoke which item? (* to show all) (? for menu, Esc to quit)
Okay, then.
Evoke which item? (* to show all) (? for menu, Esc to quit)
Okay, then.
You see here a +0 leather armour.
Casting: Confusing Touch (safe; 1% risk of failure)
Confirm with . or Enter, or press ? or * to list all spells.
Your claws begin to glow red.
You hit the titanic slime creature but do no damage.
The titanic slime creature is moderately wounded.
The titanic slime creature hits you!!!!
Ouch! That really hurt!
You die...

##.# ##≈≈≈≈≈≈## ...#
######≈≈#≈#########
##.####....####.........#
##...#.....# #.........###
####.#}....#
#.).........###
#.......####.###..####.).#
###.....##.#......# ##..#
#.....##.#####..# #8..#
#####.##..J@....# ##..#
#...[.####..# #..#
####........# ##..#
##.####.#####8..#
#........#.##..#####
#####.##.#.##.......
##.##...##.......
#.....###⌠###8###
#.......#########


You could see a titanic slime creature.

Vanquished Creatures
  Frances (D:14)
  A fire giant (D:15)
  An orc warlord (Orc:2)
  Snorg (Lair:3)
  3 vault guards (D:14)
  4 catoblepae
  2 centaur warriors
  2 two-headed ogres
  10 hydras
  5 death yaks (Lair:6)
  3 tengu warriors (D:15)
  An orc high priest (Orc:2)
  A deep elf knight (Orc:2)
  A slime creature (D:15)
  Sonja (Orc:1)
  Nergalle (Orc:1)
  5 skeletal warriors
  An unseen horror (D:12)
  2 orc knights (Orc:2)
  2 necromancers (D:14)
  A deep elf mage (D:15)
  An orc sorcerer (Orc:2)
  32 ugly things
  A cyclops (D:14)
  Maurice (Orc:1)
  6 elephants
  4 manticores
  3 black mambas
  A merfolk siren (Lair:2)
  A torpor snail (Lair:3)
  20 spiny frogs
  A yaktaur (D:14)
  10 komodo dragons
  3 rime drakes
  A queen bee (D:8)
  A merfolk (Lair:2)
  A jumping spider (Lair:4)
  Grinder (D:4)
  6 trolls
  A polar bear (Lair:6)
  5 dream sheep (Lair:6)
  9 blink frogs (Lair:3)
  13 hippogriffs
  A vampire (D:15)
  3 wyverns
  51 yaks
  Sigmund (D:4)
  19 humans (D:14)
  A hungry ghost (D:7)
  2 basilisks (Lair:6)
  Edmund (D:6)
  8 wargs
  A soldier ant (D:14)
  Duvessa (D:6)
  4 porcupines
  6 water moccasins
  An acid dragon (D:15)
  23 orc warriors
  4 ice beasts
  3 sky beasts
  A black bear (D:11)
  5 phantoms
  An eye of draining (D:15)
  5 necrophages
  12 ogres
  12 centaurs
  11 crocodiles
  Blork the orc (D:6)
  2 big kobolds
  A wyvern zombie (D:11)
  20 bullfrogs
  Dowan (D:6)
  A wyvern skeleton (D:13)
  3 scorpions
  19 killer bees
  6 wights (D:11)
  3 electric eels
  2 howler monkeys (D:14)
  6 crimson imps
  3 centaur zombies
  5 bullfrog zombies
  6 hounds
  2 bullfrog skeletons
  6 jellies
  32 orc wizards
  A gnoll shaman (D:7)
  14 orc priests
  5 centaur skeletons
  3 iguanas
  6 worker ants
  4 hound zombies (Ossuary)
  3 hound skeletons
  17 mummies (Ossuary)
  6 worker ant zombies
  18 gnolls
  10 adders
  A shadow imp (D:5)
  2 oozes
  3 adder zombies (Ossuary)
  3 worms
  A dart slug (D:2)
  9 leopard geckos
  87 orcs
  6 giant cockroaches
  9 goblins
  8 hobgoblins
  11 jackals
  4 quokkas
  3 bats
  13 frilled lizards
  13 kobolds
  3 quokka zombies (Ossuary)
  7 rats
737 creatures vanquished.

Vanquished Creatures (collateral kills)
  A yak (Lair:6)
1 creature vanquished.

Vanquished Creatures (others)
  A yak (Lair:6)
  9 fungi
  8 plants
  3 withered plants (Ossuary)
21 creatures vanquished.

Grand Total: 759 creatures vanquished

Notes
Turn   | Place    | Note
-------+----------+-------------------------------------------
     0 | D:1      | Borgoz the Ghoul Enchanter began the quest for the Orb.
     0 | D:1      | Reached XP level 1. HP: 14/14 MP: 2/2
   238 | D:1      | Reached skill level 1 in Short Blades
   565 | D:1      | Reached XP level 2. HP: 17/17 MP: 3/3
   843 | D:1      | Learned a level 2 spell: Ensorcelled Hibernation
  1222 | D:1      | Reached XP level 3. HP: 26/27 MP: 4/4
  1248 | D:1      | Reached skill level 1 in Armour
  1289 | D:2      | Found a shadowy altar of Dithmenos.
  1479 | D:2      | Reached skill level 1 in Fighting
  1479 | D:2      | Reached XP level 4. HP: 35/35 MP: 0/5
  1754 | D:2      | Reached XP level 5. HP: 29/40 MP: 6/6
  2422 | D:3      | Learned a level 3 spell: Confuse
  2467 | D:3      | Reached skill level 1 in Ice Magic
  2892 | D:4      | Reached XP level 6. HP: 39/47 MP: 8/8
  3000 | D:4      | Got an ichor-stained leather armour
  3011 | D:4      | Identified the +0 leather armour "Hoihown" {rF++ Dex+3}
                  | (You found it on level 4 of the Dungeon)
  3017 | D:4      | Noticed a phantom
  3058 | D:4      | Killed a phantom
  3336 | D:4      | Reached XP level 7. HP: 50/50 MP: 4/9
  3404 | D:4      | Noticed Grinder
  3452 | D:4      | Killed Grinder
  3847 | D:4      | Noticed Sigmund
  3860 | D:4      | Killed Sigmund
  3860 | D:4      | Reached XP level 8. HP: 62/62 MP: 6/10
  4070 | D:5      | Entered Level 5 of the Dungeon
  4592 | D:5      | Got a bloodstained rapier
  4593 | D:5      | Identified the cursed +1 rapier of Dissolution {venom,
                  | rC++} (You found it on level 5 of the Dungeon)
  4870 | D:6      | Reached skill level 5 in Stealth
  5043 | D:6      | Found a sand-covered staircase.
  5081 | Ossuary  | Entered an ossuary
  5196 | Ossuary  | Reached XP level 9. HP: 50/70 MP: 12/12
  5462 | Ossuary  | Reached skill level 5 in Dodging
  6000 | D:6      | Reached skill level 5 in Short Blades
  6026 | D:6      | Noticed Blork the orc
  6038 | D:6      | Killed Blork the orc
  6488 | D:6      | Reached skill level 5 in Armour
  6865 | D:6      | Noticed Edmund
  6891 | D:6      | Killed Edmund
  7088 | D:6      | Reached XP level 10. HP: 71/80 MP: 14/14
  7476 | D:6      | Noticed Duvessa
  7480 | D:6      | Noticed Dowan
  7499 | D:6      | Killed Duvessa
  7509 | D:6      | Killed Dowan
  7868 | D:7      | Found a staircase to the Ecumenical Temple.
  7931 | Temple   | Entered the Ecumenical Temple
  8145 | D:7      | Found a shattered altar of Ashenzari.
  8186 | D:7      | Became a worshipper of Ashenzari the Shackled
  8593 | D:8      | Found a basalt altar of Yredelemnul.
  8595 | D:8      | Found a glowing silver altar of Zin.
  8597 | D:8      | Found a stormy altar of Qazlal.
  8599 | D:8      | Found a shattered altar of Ashenzari.
  8599 | D:8      | Found a burning altar of Makhleb.
  8962 | D:8      | Reached skill level 5 in Fighting
  9483 | D:9      | Found a staircase to the Lair.
  9484 | D:9      | Noticed an elephant
  9808 | D:9      | Killed an elephant
  9977 | D:9      | Reached XP level 11. HP: 80/88 MP: 16/16
 10498 | D:10     | Entered Level 10 of the Dungeon
 10593 | D:10     | Found a staircase to the Orcish Mines.
 10618 | D:10     | Reached skill level 5 in Hexes
 10658 | D:10     | Noticed a skeletal warrior
 10662 | D:10     | Noticed a two-headed ogre
 10666 | D:10     | Noticed a skeletal warrior
 10667 | D:10     | Noticed a skeletal warrior
 10667 | D:10     | Noticed a skeletal warrior
 10688 | D:9      | Killed a two-headed ogre
 11268 | D:11     | Reached * piety under Ashenzari
 11497 | D:12     | Killed an unseen horror
 11542 | D:12     | Noticed a seven-headed hydra
 11618 | D:13     | Noticed a centaur warrior
 11686 | D:13     | Killed a centaur warrior
 11797 | D:13     | Reached skill level 5 in Spellcasting
 11852 | D:13     | Found a bloodstained altar of Trog.
 11854 | D:13     | Found a shadowy altar of Dithmenos.
 11854 | D:13     | Found a glowing golden altar of the Shining One.
 11856 | D:13     | Found a shimmering altar of Xom.
 11856 | D:13     | Found a radiant altar of Vehumet.
 11856 | D:13     | Found a blossoming altar of Fedhas.
 11922 | D:13     | Found an ancient bone altar of Kikubaaqudgha.
 12325 | D:12     | Noticed a purple ugly thing
 12334 | D:13     | Killed a purple ugly thing
 12772 | D:12     | Found Vuph's Weapon Shoppe.
 12976 | D:12     | Killed a seven-headed hydra
 13091 | D:12     | Reached XP level 12. HP: 86/97 MP: 16/18
 13431 | D:11     | Noticed a two-headed ogre
 13435 | D:11     | Killed a two-headed ogre
 13504 | Lair:1   | Entered Level 1 of the Lair of Beasts
 13817 | Lair:1   | Noticed a seven-headed hydra
 14004 | Lair:1   | Killed a seven-headed hydra
 14625 | Lair:2   | Noticed an eight-headed hydra
 14634 | Lair:2   | Reached ** piety under Ashenzari
 16761 | D:10     | Found Ehooll's Antique Armour Shop.
 16776 | D:10     | Bought a translucent chain mail for 313 gold pieces
 17382 | Orc:1    | Entered Level 1 of the Orcish Mines
 17426 | Orc:1    | Noticed Nergalle
 17448 | Orc:1    | Killed Nergalle
 17448 | Orc:1    | Reached XP level 13. HP: 93/105 MP: 14/20
 17485 | Orc:1    | Noticed Sonja
 17489 | Orc:1    | Killed Sonja
 17561 | Orc:2    | Entered Level 2 of the Orcish Mines
 17561 | Orc:2    | Found a staircase to the Elven Halls.
 17621 | Orc:2    | Found a roughly hewn altar of Beogh.
 17862 | Orc:2    | Found a roughly hewn altar of Beogh.
 17975 | Orc:2    | Identified the +12 chain mail "Tiyv" {rC- rN+ MR++ Dex+2}
                  | (You bought it in a shop on level 10 of the Dungeon)
 18127 | Orc:1    | Noticed Maurice
 18185 | Orc:1    | Killed Maurice
 18625 | Orc:2    | Found a roughly hewn altar of Beogh.
 18648 | Orc:2    | Found Yczunas's General Store.
 18869 | Orc:2    | Found a roughly hewn altar of Beogh.
 18871 | Orc:2    | Found Ituib's Antique Weapon Shoppe.
 19441 | Orc:2    | Found a bloodstained altar of Trog.
 19482 | Orc:2    | Found a roughly hewn altar of Beogh.
 19725 | Orc:2    | Noticed an orc warlord
 19806 | Orc:2    | Killed an orc warlord
 20061 | Orc:2    | Found a roughly hewn altar of Beogh.
 20175 | Orc:2    | Found Gafudali's Antique Weapon Shoppe.
 20176 | Orc:2    | Found a roughly hewn altar of Beogh.
 20179 | Orc:2    | Found Bocverchupn's Antique Armour Emporium.
 20184 | Orc:2    | Bought a dazzling leather armour for 224 gold pieces
 20190 | Orc:2    | Bought an ebony dagger for 224 gold pieces
 20190 | Orc:2    | Identified the +10 dagger of the Lonely Beggars {flame, rF+
                  | Stlth+} (You bought it in a shop on level 2 of the Orcish
                  | Mines)
 20203 | Orc:2    | Identified the +0 leather armour of the Monk {-Cast Int+3
                  | SInv} (You bought it in a shop on level 2 of the Orcish
                  | Mines)
 20435 | Elf:1    | Entered Level 1 of the Elven Halls
 20435 | Elf:1    | Noticed a deep elf sorcerer
 21604 | D:15     | Entered Level 15 of the Dungeon
 22037 | D:14     | Noticed Frances
 22784 | Lair:2   | Reached XP level 14. HP: 113/115 MP: 22/22
 22789 | Lair:2   | Found a staircase to the Shoals.
 22998 | Lair:3   | Reached skill level 10 in Dodging
 23050 | Lair:3   | Reached skill level 10 in Short Blades
 23385 | Lair:2   | Reached skill level 10 in Armour
 23778 | Lair:3   | Noticed Snorg
 23805 | Lair:3   | Killed Snorg
 24627 | Lair:4   | Reached *** piety under Ashenzari
 24684 | Lair:4   | Learned a level 1 spell: Confusing Touch
 24893 | Lair:4   | Found a hole to the Spider Nest.
 24905 | Lair:4   | Reached skill level 10 in Stealth
 25429 | Lair:5   | Reached **** piety under Ashenzari
 26021 | Lair:6   | Entered Level 6 of the Lair of Beasts
 26029 | Lair:6   | Found a staircase to the Slime Pits.
 26029 | Lair:6   | Found a viscous altar of Jiyva.
 26741 | Lair:6   | Reached XP level 15. HP: 90/124 MP: 18/24
 28107 | Lair:6   | Identified a scroll of acquirement
 28602 | D:14     | Found a gate to the Vaults.
 28978 | D:14     | Killed Frances
 29577 | D:15     | Found a staircase to the Depths.
 29577 | D:15     | Noticed a fire giant
 29615 | D:15     | Killed a fire giant
 31260 | D:15     | Reached XP level 16. HP: 134/134 MP: 25/25
 31362 | Depths:1 | Entered Level 1 of the Depths
 31419 | D:15     | Reached skill level 10 in Hexes
 31554 | D:15     | Annihilated by a titanic slime creature

Skill      XL: |  1  2  3  4  5  6  7  8  9 10 11 12 13 14 15 16 |
---------------+-------------------------------------------------+-----
Short Blades   | 1 2 3 4 5 6 8 9 10 11 | 11.7
Dodging        | 2 3 4 5 6 8 9 10 11 | 11.8
Armour         | 1 2 3 4 5 6 7 8 9 10 11 | 11.3
Fighting       | 1 2 3 4 5 6 7 8 9 |  9.9
Spellcasting   | 2 3 4 5 6 7 |  7.2
Ice Magic      | 1 |  1.0
Stealth        | 4 5 6 7 8 9 10 | 10.5
Hexes          | 3 4 5 6 7 8 9 10 | 10.0

Action                   |  1- 3 |  4- 6 |  7- 9 | 10-12 | 13-15 | 16-18 || total
-------------------------+-------+-------+-------+-------+-------+-------++-------
Melee: Dagger            |   103 |   231 |   161 |       |  1936 |    64 ||  2495
       Rapier            |       |       |   510 |  1105 |   545 |       ||  2160
       Short sword       |       |       |       |   122 |   105 |       ||   227
 Cast: Ensorcelled Hiber |     2 |    11 |    10 |     4 |     7 |       ||    34
       Confuse           |       |       |     3 |     6 |     4 |       ||    13
       Confusing Touch   |       |       |       |       |    31 |    12 ||    43
Invok: Curse Item        |       |       |       |     2 |     3 |       ||     5
Evoke: Wand              |       |       |       |     7 |     5 |       ||    12
  Use: Potion            |       |       |     1 |     5 |     3 |       ||     9
       Scroll            |       |       |    17 |    14 |    10 |       ||    41
 Stab: Sleeping          |     6 |    12 |    11 |    22 |    13 |     1 ||    65
       Distracted        |       |       |       |     1 |     3 |       ||     4
       Confused          |       |       |       |     2 |    41 |     5 ||    48
       Petrified         |       |       |       |       |     1 |       ||     1
  Eat: Chunk             |     5 |    12 |    26 |    75 |   141 |     6 ||   265
Armor: Robe              |    24 |    29 |       |       |       |       ||    53
       Quicksilver drago |       |    45 |   255 |   687 |    21 |       ||  1008
       Leather armour    |       |     7 |       |       |       |       ||     7
       Chain mail        |       |       |       |       |  1440 |    29 ||  1469
Dodge: Dodged            |    52 |   113 |   365 |   921 |  1073 |    17 ||  2541
